Cogmind - Beta 13 @@@ ROGUE MODE // 2024.06.19 @ 19:34:02 Player: CONNOR_M Result: Destroyed by TW-5T5(R) with Subdweller Laser Performance ------------- Evolutions (0) 0 Regions Visited (3) 600 Robots Destroyed (12) 60 Value Destroyed (279) 279 Prototype IDs (0) 0 Alien Tech Used (0) 0 Bonus (-12) -12 TOTAL SCORE: 927 Bonus ------- Follower Combat Kills 97 Friendly Fire -109 Cogmind --------- Core Integrity 0/250 Matter 299/300 Energy 100/100 System Corruption 1% Temperature Cool (6) Movement Rolling (120) Ox1 Location -10/Subcaves Parts ------- > --- POWER (1) -------- (None) > --- PROPULSION (2) --- Subdweller Monowheel > --- UTILITY (2) ------ High-capacity Storage Unit > --- WEAPON (2) ------- (None) > --- INVENTORY (20) --- Light Ion Engine Carbon-fiber Leg Makeshift Leg Heat Sink Heat Sink Improved Heat Sink Small Storage Unit Humpback Structural Scanner Structural Scanner Experimental Sensor Array Scrap Shield Scrap Shield Fragment (46) Peak State ------------ > --- POWER ------------ Ion Engine > --- PROPULSION ------- Light Treads Light Treads > --- UTILITY ---------- High-capacity Storage Unit Subdweller Optics > --- WEAPON ----------- Light Assault Rifle Battle Rifle > --- INVENTORY -------- Light Ion Engine Carbon-fiber Leg Makeshift Leg Subdweller Monowheel Heat Sink Heat Sink Improved Heat Sink Small Storage Unit Humpback Structural Scanner Structural Scanner Experimental Sensor Array Light Armor Plating [Rating: 12] Favorites ----------- Power Ion Engine Engine Ion Engine Propulsion Light Treads Treads Light Treads Wheel Wheel Utility High-capacity Storage Unit Device Seismic Detector Storage High-capacity Storage Unit Protection Light Armor Plating Weapon Light Assault Rifle Ballistic Gun Light Assault Rifle Build | -11 -10 -10 -10 ------- Run | Yrd Mat Min Sub Slots Evolved . | . . . . Power . | . . . . Propulsion . | . . . . Utility . | . . . . Weapon . | . . . . Parts Attached 18 | 7 5 . 6 Power 2 | 1 . . 1 Engine 2 | 1 . . 1 Core . | . . . . Reactor . | . . . . Propulsion 7 | 2 4 . 1 Treads 4 | 2 2 . . Leg . | . . . . Wheel 3 | . 2 . 1 Hover . | . . . . Flight . | . . . . Utility 5 | 2 1 . 2 Device 2 | 1 . . 1 Storage 2 | 1 1 . . Processor . | . . . . Hackware . | . . . . Protection 1 | . . . 1 Artifact . | . . . . Weapon 4 | 2 . . 2 Energy Gun . | . . . . Energy Cannon . | . . . . Ballistic Gun 4 | 2 . . 2 Ballistic Cannon . | . . . . Launcher . | . . . . Special Weapon . | . . . . Impact Weapon . | . . . . Slashing Weapon . | . . . . Piercing Weapon . | . . . . Special Melee Weapon . | . . . . Unidentified Prototypes . | . . . . Parts Lost 12 | . 3 . 9 Power 2 | . . . 2 Propulsion 4 | . 2 . 2 Utility 2 | . . . 2 Weapon 4 | . 1 . 3 Highest Loss Streak 6 | . 3 . 6 To Critical Strikes . | . . . . Average Slot Usage (%) 88 | . 98 85 87 Engine 13 | . 14 14 12 Treads 24 | . 6 28 26 Wheel 3 | . 20 . . Device 11 | . 14 14 9 Storage 14 | . 14 14 14 Ballistic Gun 21 | . 27 14 22 Naked Turns . | . . . . Heaviest Build 50 | 13 48 47 50 Greatest Support 40 | 40 40 40 40 Greatest Overweight (x) 4 | . 4 1 2 Average Overweight (x) 1 | . 1 1 1 Largest Inventory Capacity 20 | 8 20 20 20 Average Capacity 18 | 7 18 20 20 Most Carried 15 | 6 8 9 15 Average Carried 9 | 3 7 8 11 Final Capacity 20 | 8 20 20 20 Final Carried 15 | 4 7 9 15 Class Distribution -------------------- 100% | Mutant Dominant Class ---------------- Mutant | -10/Materials Mutant | -10/Mines Mutant | -10/Subcaves Resources | -11 -10 -10 -10 ----------- Run | Yrd Mat Min Sub Matter Collected 503 | 278 17 75 133 Remotely . | . . . . Salvage Created 367 | 16 165 . 186 Parts 26 | 4 16 . 6 Haulers Intercepted . | . . . . Recyclers Shooed . | . . . . Parts Field Recycled . | . . . . Retrieved Matter . | . . . . Parts Self-Destructed 11 | . . . 11 Prevented . | . . . . Kills | -11 -10 -10 -10 ------- Run | Yrd Mat Min Sub Combat Hostiles Destroyed 8 | . 6 . 2 Guns 8 | . 6 . 2 Classes Destroyed 5 | 1 2 . 2 Tunneler 1 | 1 . . . Turret 2 | . . . 2 Swarmer 3 | . 3 . . Grunt 4 | . 3 . 1 Subdweller 2 | . . . 2 Best Kill Streak 5 | 1 5 . 2 Combat Bots Only 5 | . 5 . 1 Max Kills in Single Turn 1 | 1 1 . 1 Gunslinging . | . . . . Exploded . | . . . . Melee . | . . . . Uniques/NPCs Destroyed . | . . . . Combat | -11 -10 -10 -10 -------- Run | Yrd Mat Min Sub Hostile Shots Fired 124 | . 59 . 65 Missed 35 | . 15 . 20 Damage Taken 1279 | . 432 . 847 Core 262 | . 90 . 172 Absorbed by Shields . | . . . . Core Remaining (%) 100 | 100 . . . Volleys Fired 57 | 4 24 1 28 Largest 2 | 2 2 1 2 Hottest 55 | 40 40 20 55 Shots Fired 99 | 8 48 2 41 Gun 99 | 8 48 2 41 Cannon . | . . . . Launcher . | . . . . Special . | . . . . Kinetic 99 | 8 48 2 41 Thermal . | . . . . Explosive . | . . . . Electromagnetic . | . . . . Robot Hit Streak 12 | 5 11 2 12 Robot Miss Streak 3 | 1 3 1 3 Penetration Max . | . . . . Secondary Targets 4 | . 3 . 1 Max Gunslinging Chain 1 | . 1 . 1 Shots Hit Robots 69 | 7 31 1 30 Core Hits 27 | 3 13 1 10 Critical Kills . | . . . . Critical Parts Destroyed . | . . . . Critical Strikes . | . . . . Melee Attacks . | . . . . Impact . | . . . . Slashing . | . . . . Piercing . | . . . . Sneak Attacks . | . . . . Combat Hostiles . | . . . . Follow-up Attacks . | . . . . Damage Inflicted 808 | 48 303 6 451 Guns 808 | 48 303 6 451 Cannons . | . . . . Explosions . | . . . . Melee . | . . . . Ramming . | . . . . Kinetic 808 | 48 303 6 451 Thermal . | . . . . Explosive . | . . . . Electromagnetic . | . . . . Impact . | . . . . Slashing . | . . . . Piercing . | . . . . Highest Corruption 1 | . 1 1 1 Average Corruption 1 | . 1 1 1 Corruption Purged . | . . . . Corruption Blocked . | . . . . Effects 21 | . 1 8 12 Message Errors 1 | . 1 . . Matter Fused 4 | . . 2 2 Heat Flow Errors 8 | . . 2 6 Energy Discharges 1 | . . . 1 Data Loss (minor) 3 | . . 1 2 Data Loss (major) 2 | . . 2 . Misfires 1 | . . 1 . Alerts 1 | . . . 1 Overload Shots . | . . . . Overflow Damage . | . . . . Projectiles . | . . . . Explosions . | . . . . Melee . | . . . . Knockbacks . | . . . . Impact . | . . . . Kinetic . | . . . . Secondary . | . . . . Self-Inflicted Damage . | . . . . Shots . | . . . . Rammed . | . . . . Targets Rammed . | . . . . Kicked . | . . . . Crushed . | . . . . Highest Temperature 188 | . 12 104 188 Average Temperature 58 | . 7 54 88 Received Heat Transfer 291 | . 114 . 177 Siege Activations . | . . . . Robots Corrupted . | . . . . Combat Hostiles . | . . . . Parts Fried . | . . . . Impact Corruptions . | . . . . Robots Melted . | . . . . Combat Hostiles . | . . . . Parts Melted . | . . . . Heat Transferred . | . . . . Parts Sabotaged . | . . . . Parts Stolen . | . . . . Parts Stripped . | . . . . Power Chain Reactions . | . . . . Alert | -11 -10 -10 -10 ------- Run | Yrd Mat Min Sub Peak Influence 120 | 5 120 42 . Initial 42 | . . 42 . Average 18 | 3 18 28 . Maximum Alert Level . | . . . . Low Security (%) 100 | 100 100 100 . Level 1 . | . . . . Level 2 . | . . . . Level 3 . | . . . . Level 4 . | . . . . Level 5 . | . . . . High Security . | . . . . Max Security . | . . . . Squads Dispatched 2 | . 2 . . Investigation . | . . . . Extermination . | . . . . Reinforcement 2 | . 2 . . Assault . | . . . . Garrison . | . . . . Intercept . | . . . . Searches Triggered . | . . . . Construction Impeded . | . . . . Haulers Reinforced . | . . . . Active Scanning Responses . | . . . . Cargo Convoy Interrupts . | . . . . Stealth | -11 -10 -10 -10 --------- Run | Yrd Mat Min Sub Distress Signals 1 | . 1 . . Communications Jammed . | . . . . Distress Signals . | . . . . Times Spotted 51 | . 13 . 38 Peak Tracking Total 8 | . 8 . 6 Tactical Retreats 2 | . . . 2 Traps | -11 -10 -10 -10 ------- Run | Yrd Mat Min Sub Traps Triggered 2 | . 1 . 1 Indirectly . | . . . . Trap Hack Attempts . | . . . . Triggered . | . . . . Disarmed . | . . . . Reprogrammed . | . . . . Reused . | . . . . Traps Extracted . | . . . . Installed . | . . . . Triggered . | . . . . Machines | -11 -10 -10 -10 ---------- Run | Yrd Mat Min Sub Machines Disabled 1 | . . . 1 Max in Single Turn . | . . . . Machines Repaired . | . . . . Machines Dismantled . | . . . . Machines Sabotaged . | . . . . Overloaded Fab Kills . | . . . . Hacking | -11 -10 -10 -10 --------- Run | Yrd Mat Min Sub Machines Accessed 2 | . 1 . 1 Terminals . | . . . . Fabricators . | . . . . Repair Stations . | . . . . Recycling Units 1 | . 1 . . Scanalyzers . | . . . . Garrison Access . | . . . . Total Hacks 4 | . 2 . 2 Successful 3 | . 1 . 2 Failed 1 | . 1 . . Catastrophic . | . . . . Database Lockouts . | . . . . Manual . | . . . . Terminals . | . . . . Fabricators . | . . . . Repair Stations . | . . . . Recycling Units 2 | . 2 . . Scanalyzers . | . . . . Garrison Access . | . . . . Terminal Hacks 2 | . . . 2 Record 2 | . . . 2 Fabricator Hacks . | . . . . Repair Station Hacks . | . . . . Recycling Unit Hacks 1 | . 1 . . Report Inventory 1 | . 1 . . Scanalyzer . | . . . . Garrison Access Hacks . | . . . . Unauthorized Hacks . | . . . . Terminals . | . . . . Fabricators . | . . . . Repair Stations . | . . . . Recycling Units . | . . . . Scanalyzers . | . . . . Garrison Access . | . . . . Data Cores Recovered . | . . . . Used . | . . . . Hacking Detections . | . . . . Full Trace Events . | . . . . Feedback Events . | . . . . Feedback Blocked . | . . . . Robot Schematics Acquired . | . . . . Robots Built . | . . . . Authchips . | . . . . Time . | . . . . Total Robot Build Rating . | . . . . Part Schematics Acquired . | . . . . Parts Built . | . . . . Authchips . | . . . . Time . | . . . . Total Part Build Rating . | . . . . Parts Repaired . | . . . . Time . | . . . . Parts Recycled . | . . . . Recycled Matter . | . . . . Retrieved Matter . | . . . . Retrieved Components . | . . . . Parts Scanalyzed . | . . . . Part Schematics Acquired . | . . . . Parts Damaged . | . . . . Bothacking | -11 -10 -10 -10 ------------ Run | Yrd Mat Min Sub Used RIF Installer . | . . . . Robots Hacked . | . . . . Non-combat . | . . . . Combat . | . . . . Robot Hacks Applied . | . . . . Relay Couplers Released . | . . . . Fabnet Peak Effective % . | . . . . Robots Rewired . | . . . . Allies Hacked . | . . . . Hacks Repelled . | . . . . Allies | -11 -10 -10 -10 -------- Run | Yrd Mat Min Sub Total Allies 5 | . . 5 . Largest Group 5 | . . 5 5 Highest-Rated Group 93 | . . 93 93 Highest-Rated Ally 31 | . . 31 31 Total Orders . | . . . . Ally Attacks 28 | . . . 28 Total Damage 320 | . . . 320 Kills 4 | . . . 4 Allies Corrupted . | . . . . Allies Melted . | . . . . Intel | -11 -10 -10 -10 ------- Run | Yrd Mat Min Sub Robot Analysis Total . | . . . . Derelict Logs Recovered . | . . . . Drone Launches . | . . . . Drone Recoveries . | . . . . Exploration | -11 -10 -10 -10 ------------- Run | Yrd Mat Min Sub Turns Passed 2935 | 429 333 583 1590 Spaces Moved 1193 | 174 210 156 653 Core 1 | 1 . . . Treads 954 | 173 28 156 597 Legs . | . . . . Wheels 238 | . 182 . 56 Hover . | . . . . Flight . | . . . . Fastest Speed 50 | 50 110 240 120 Average Speed 202 | 159 120 240 230 Slowest Speed 240 | 160 240 240 240 Overloaded Moves . | . . . . Propulsion Burnouts . | . . . . Robots Hopped . | . . . . Cave-ins Triggered . | . . . . Exploration Rate (%) 31 | 11 31 52 33 Regions Visited 3 Branch Regions 2 Pre-discovered Areas . | . . . . Known Exits Taken . | . . . . Unknown Exits Taken 3 | 1 1 1 . Scrap Searched 1 | . . 1 . Spaces Dug . | . . . . Terrain Destroyed . | . . . . Melee . | . . . . Projectile . | . . . . AOE . | . . . . Terrain Rammed . | . . . . Walls Destroyed . | . . . . Machines Disabled . | . . . . Actions | -11 -10 -10 -10 --------- Run | Yrd Mat Min Sub Total 1631 | 317 250 365 699 Wait 341 | 125 7 207 2 Move 1190 | 173 209 155 653 Hop . | . . . . Pick Up 22 | 6 5 2 9 Fast Attach 8 | 7 . . 1 Attach 7 | . 2 . 5 Detach . | . . . . Swap 3 | . 3 . . Drop 3 | 2 . . 1 Fire 57 | 4 24 1 28 Melee . | . . . . Ram . | . . . . Kick . | . . . . Crush . | . . . . Escape Stasis . | . . . . Rewire . | . . . . Trap . | . . . . Miscellaneous . | . . . . Route ------- -11/Scrapyard -10/Materials -10/Mines -10/Subcaves (discovered 1 exit: [*Rec]) History --------- Turn | Location | Event 10 | -11/Scrapyard | Discovered new exit (range 16) 430 | -11/Scrapyard | Entered Materials 431 | -10/Materials | Build established: Mutant 686 | -10/Materials | Discovered new exit (range 15) 763 | -10/Materials | Entered Mines 772 | -10/Mines | Lost 3 parts (2n1w) 782 | -10/Mines | Met a Derelict bent on vengeance 887 | -10/Mines | Assisted by bots powering up and referring to "LRC-V3" 1091 | -10/Mines | Found a damaged Exp. Sensor Array with a note attached 1101 | -10/Mines | Found Prototype Device 1339 | -10/Mines | Discovered new exit (range 3) 1346 | -10/Mines | Entered Subcaves 1346 | -10/Subcaves | Accompanied by 5 allies 1351 | -10/Subcaves | Led the pair of lost Derelicts to an unsafe place 1508 | -10/Subcaves | Visited Clippyterm 1515 | -10/Subcaves | Learned 40 Factory zone layouts 1693 | -10/Subcaves | A swath of the cavern ceiling suddenly collapsed 2089 | -10/Subcaves | Discovered new exit (range 14) 2094 | -10/Subcaves | Core integrity fell below 50% 2135 | -10/Subcaves | Lost 4 allies 2191 | -10/Subcaves | Shifting Twisted Machinery released Scrap Shield 2853 | -10/Subcaves | Core integrity fell below 20% 2879 | -10/Subcaves | Lost 6 parts (1p2n1u2w) 2936 | -10/Subcaves | Destroyed by TW-5T5(R) with Subdweller Laser Last Messages --------------- 02672_ Acquired Sub. Machine Gun. 02723_ System corrupted: Heat flow error (+181). 02770_ System corrupted: Component data lost. 02814_ Acquired 4 matter. 02818_ Ion Engine destroyed. 02825_ Lgt. Assault Rifle destroyed. 02832_ Lgt. Treads destroyed. 02834_ Battle Rifle destroyed. 02838_ Critical hit (Destroy). 02846_ Lgt. Armor Plating destroyed. 02846_ SA-S19(R) destroyed. 02848_ Lgt. Treads destroyed. 02853_ 97-BP0(R) destroyed. 02860_ Acquired 15 matter. 02861_ Acquired 23 matter. 02872_ Acquired Scrap Shield. 02877_ Acquired Scrap Shield Fragment. 02880_ System corrupted: Heat flow error (+133). 02929_ System corrupted: Heat flow error (+172). 02930_ Sub. Machine Gun destroyed. Map ----- +----------------------------------------------------+ | ?????????????????????????????????????????????????? | | ?????????????????????????????????????????????????? | | ?????????????????????????????????????????????????? | | ???????????????????????????# ?? ?????????????????? | | ????????????????????????? ??????????????????? | | ????????????????????????? #??????????????????? | | ????????????????????????? #??????????????????? | | ????????????? ??????????? #??????????????????? | | ????????????? ??????????" %#??????????????????? | | ?????????????? """"#????# " #??????????????????? | | ??????????????? """#???## """#??????????????????? | | ??????????????? ""#??## ????????????????????? | | ????????????????#"""#### ""#?????????????????????? | | ????????????????# """## "#?????????????????????? | | ?????????????????#"""" #########?????????????? | | ??????????????????#% #?????????????? | | ??????????????????## #?????????????? | | ??????????????????## ## #?????????????? | | ??????????????????# ######## ???????? | | ??????????????????# ####??????? ??????? | | ??????????????????# ##???####???? #???????? | | ??????????????????#!%#??### #### #####???????? | | ??????????????????#% #### #???????????? | | ??????????????????##! ## #???????????? | | ??????????????????# R ## ## ?????? | | ??????????????????### # @ ## ##??? ??????????? | | ????????????????????### ##?###????? ??????????? | | ??????????????????????# #????????? ?????????? | | ??????????????????????## ##????????? ??????????? | | ??????????????????????## ####??????? ???????????? | | ??????????????????????# #?????? ????????????? | | ???????????????????#### ##???? ????????????? | | ##?????????????##### ### ### ?#???????????? | | ##????????##### ## #?? ?? ???????????? | | #????##### #?#% #?## ??? ##?????????? | | ###### ## ### ## ##?? ???? ##????????? | | # % ## ######???# ##???# #????????? | | # %% #?######## #???# #????????? | | ### # # ##### #????????? | | ## %% #????????? | | ## ##### ## #????????? | | #########???# # ### ##### ##????????? | | #???????????## ######?###???#### #####?????????? | | ?????????????#####???????????????###?????????????? | | ?????????????????????????????????????????????????? | | ?????????????????????????????????????????????????? | | ?????????????????????????????????????????????????? | | ?????????????????????????????????????????????????? | | ?????????????????????????????????????????????????? | | ?????????????????????????????????????????????????? | +----------------------------------------------------+ Best States ------------- Heat Dissipation 25 Energy Generation 10 Energy Capacity 250 Matter Stores 300 Matter Capacity 300 Sight Range 21 Terrain Scan Density 10 Armor Coverage 150 Evasion (%) 40 Recoil Reduction 2 Item Schematics ----------------- None Robot Schematics ------------------ None Fabricated ------------ Nothing Alien Tech Used ----------------- None Achievements -------------- None Challenges ------------ None Game ------ Seed HackingShrapnelMembrane Manual? 0 Play Time 00:17:33 Cumulative 32.2 hours Start 2024.06.19 @ 19:18:22 End 2024.06.19 @ 19:34:02 Sessions 1 Manual Loads 0 Difficulty Rogue Special Mode None Game No. 57 Rogue 57 Adventurer 0 Explorer 0 Win Type - Total 0 Types 0/0/0/0/0/0/0/0/0 Lore% 21 Gallery% 22 Achievement% 26 Wizard Run 0 Options --------- Layout 0 ASCII 0 Keyboard 0 Movement Arrows Keybinds 0 Fullscreen 2 Font 18/SmallcapsGlow Map View 76x50 Zoom Use 0% Tactical HUD 1 Map Filters NONE Filters NONE Steam 1 RUN: 10ef785d-dd82-4b2b-b1ac-5215aa7358d7